 Dungeon Crawl Stone Soup version 0.28-a0-1493-g08698888e4 (webtiles) character file.

Game seed: 14917159551102325683

905 kae the Changer (level 7, -1/62 HPs)
             Began as a Yellow Draconian Transmuter on Jan 12, 2022.
             Slain by Duvessa (12 damage)
             ... on level 5 of the Dungeon.
             The game lasted 00:04:17 (6274 turns).

kae the Changer (Yellow Draconian Transmuter)       Turns: 6274, Time: 00:04:17

Health: -1/62      AC:  7    Str: 12    XL:     7   Next: 80%
Magic:  0/13       EV: 14    Int: 16    God:
Gold:   243        SH:  0    Dex: 11    Spells: 6/14 levels left

rFire   x . .      SeeInvis .     - Unarmed
rCold   + + +      Faith    .   (shield currently unavailable)
rNeg    . . .      Spirit   +   (armour unavailable)
rPois   +          Reflect  .   (helmet currently unavailable)
rElec   .          Harm     .   (cloak currently unavailable)
rCorr   .          Rampage  .   (gloves currently unavailable)
Will    .....                   (boots currently unavailable)
Stlth   +.........              g - amulet of guardian spirit
HPRegen 0.20/turn               k - +4 ring of evasion
MPRegen 0.13/turn               (no ring)

@: ice-form
A: freezing attack, amphibious, boosted hp, (spit acid), AC +6, large, unfitting
armour, (cold-blooded), (acid resistance)
a: End Transformation


You were on level 5 of the Dungeon.
You were a creature of crystalline ice.
You visited 1 branch of the dungeon, and saw 5 of its levels.

You collected 243 gold pieces.

Inventory:

Armour
 l - a +0 cloak (melded)
Jewellery
 c - an amulet of the acrobat
 g - an amulet of guardian spirit (around neck)
 k - a +4 ring of evasion (left front paw)
Wands
 j - a wand of polymorph (8)
Scrolls
 a - 5 scrolls of magic mapping
 b - a scroll of torment
 f - 4 scrolls of identify
 i - 2 scrolls of teleportation
 n - a scroll of vulnerability {unknown}
 o - a scroll of fear
 p - a scroll of noise {unknown}
Potions
 d - 3 potions of heal wounds
 e - 2 potions of mutation
 h - a potion of attraction
 m - 2 potions of curing
 q - a potion of brilliance {unknown}


   Skills:
 - Level 1.1 Fighting
 - Level 1.7 Dodging
 - Level 3.0 Unarmed Combat
 + Level 4.3 Spellcasting
 * Level 6.6 Transmutations
 * Level 4.0 Ice Magic
 - Level 1.0 Poison Magic


You had 6 spell levels left.
You knew the following spells:

 Your Spells              Type           Power      Damage    Failure   Level
a - Beastly Appendage     Tmut           48%        N/A       1%          1
b - Spider Form           Tmut/Pois      15%        N/A       11%         3
c - Ice Form              Ice/Tmut       20%        N/A       19%         4

Your spell library contained the following spells:

 Spells                   Type           Power      Damage    Failure   Level
 Wereblood                Tmut           24%        N/A       1%          2
 Freeze                   Ice            64%        1d8       3%          1
 Frozen Ramparts          Ice            32%        1d5       9%          3
 Ignite Poison            Fire/Tmut/Pois 11%        N/A       17%         3
 Sublimation of Blood     Necr           3%         N/A       24%         2
 Mephitic Cloud           Conj/Pois/Air  4%         N/A       38%         3
 Hailstorm                Conj/Ice       10%        3d5       56%         4
 Freezing Cloud           Conj/Ice/Air   3%         6-21      95%         5
 Summon Hydra             Summ           1%         N/A       100%        7


Dungeon Overview and Level Annotations

Branches:
Dungeon (5/15)
 Temple: D:4-7

Altars:
Trog
Wu Jian
Yredelemnul
Zin

Annotations:
D:5 Duvessa


Innate Abilities, Weirdness & Mutations

You are a creature of crystalline ice.
You have a powerful freezing melee attack.
You are amphibious.
Your maximum health is increased.
Your armour is entirely melded.
You are incapable of wielding weapons or throwing items.
((You can spit globs of acid.))
((Your golden yellow scales are hard. (AC +6)))
You cannot fit into any form of body armour.
((You are cold-blooded and may be slowed by cold attacks.))
((You are resistant to acid. (rCorr)))


Message History

Duvessa is lightly wounded.
Duvessa barely misses you.
Duvessa hits you with a +2 short sword of protection.
You hit Duvessa but do no damage.
Duvessa is lightly wounded.
Duvessa hits you with a +2 short sword of protection.
You barely miss Duvessa.
Duvessa is lightly wounded.
Duvessa hits you with a +2 short sword of protection!
Duvessa misses you.
You punch Duvessa! You freeze Duvessa.
Duvessa is moderately wounded.
Duvessa hits you with a +2 short sword of protection!
You are too injured to fight recklessly!
You are too injured to fight recklessly!
You hit Duvessa. You freeze Duvessa.
Duvessa is heavily wounded.
Duvessa closely misses you.
You are too injured to fight recklessly!
You are too injured to fight recklessly!
You punch Duvessa! You freeze Duvessa.
Duvessa is severely wounded.
Duvessa closely misses you.
Duvessa hits you with a +2 short sword of protection!
You hit Duvessa. You freeze Duvessa.
Duvessa is severely wounded.
Duvessa hits you with a +2 short sword of protection!!
* * * LOW HITPOINT WARNING * * *
You hit Duvessa but do no damage.
Duvessa is severely wounded.
Duvessa hits you with a +2 short sword of protection.
* * * LOW HITPOINT WARNING * * *
Duvessa misses you.
You hit Duvessa. You freeze Duvessa.
Duvessa is almost dead.
Duvessa hits you but does no damage.
You completely miss Duvessa.
Duvessa is almost dead.
Duvessa hits you with a +2 short sword of protection!
You die...

#.#.###.# #.# ############
##.#.....####.#
#..........###...####...##.#
#.########........# #.#.##.#
#.# #####....###.#.##.#
#.##### ##....##.#.##.#
#.#...## #.....#....#.#
#......########.e.[........#
#[..............Y...#....###
.....e..#######....##.#.##
........# #.........#
...e....# #...###...#
#ee..(..# #.........#
.#......# #...###...#
###...#.# #.........# #
####..#######.........#
#.................##


You could see Duvessa (berserk).

Vanquished Creatures
  A black bear (D:4)
  An ogre (D:5)
  2 necrophages
  A hornet zombie (D:5)
  A phantom (D:3)
  Dowan (D:5)
  2 gnoll shamans
  14 gnolls
  5 adders
  A howler monkey skeleton (D:5)
  A shadow imp (D:5)
  An adder skeleton (D:4)
  3 worms
  3 dart slugs
  4 orcs (D:5)
  9 endoplasms
  A giant cockroach (D:1)
  7 goblins
  6 hobgoblins
  3 jackals (D:3)
  5 kobolds
  4 quokkas
  5 ball pythons (D:4)
  4 bats
  2 frilled lizards
  5 rats
  A spectral orc (D:3)
93 creatures vanquished.

Notes
Turn   | Place    | Note
-------+----------+-------------------------------------------
     0 | D:1      | kae the Draconian Transmuter began the quest for the Orb.
     0 | D:1      | Reached XP level 1. HP: 16/16 MP: 3/3
   292 | D:1      | Reached XP level 2. HP: 22/23 MP: 3/5
   368 | D:1      | Found a faded altar of an unknown god.
   772 | D:2      | Reached skill level 3 in Transmutations
  1141 | D:1      | Reached XP level 3. HP: 25/28 MP: 4/6
  1145 | D:1      | Learned a level 3 spell: Spider Form
  1555 | D:2      | Reached skill level 1 in Poison Magic
  1555 | D:2      | Reached XP level 4. HP: 30/35 MP: 3/8
  2309 | D:3      | Reached skill level 4 in Transmutations
  2485 | D:3      | Found a bloodstained altar of Trog.
  2654 | D:3      | Found a glowing silver altar of Zin.
  2690 | D:3      | Found a basalt altar of Yredelemnul.
  3104 | D:4      | Noticed a black bear
  3117 | D:4      | Killed a black bear
  3118 | D:4      | Reached XP level 5. HP: 24/40 MP: 3/10
  3253 | D:4      | Learned a level 4 spell: Ice Form
  3294 | D:4      | Noticed a phantom
  3318 | D:3      | HP: 2/40 [phantom (4)]
  3324 | D:3      | Killed a phantom
  3325 | D:3      | Reached skill level 5 in Transmutations
  3325 | D:3      | Reached skill level 1 in Ice Magic
  3325 | D:3      | Reached XP level 6. HP: 35/47 MP: 1/11
  4851 | D:5      | Entered Level 5 of the Dungeon
  4923 | D:5      | Your scales start taking on a golden yellow colour.
  4923 | D:5      | Reached XP level 7. HP: 41/52 MP: 6/12
  4923 | D:5      | Gained mutation: You are resistant to acid. (rCorr) [Yellow
                  | Draconian growth]
  5126 | D:5      | Reached skill level 6 in Transmutations
  5223 | D:5      | Found an ornate altar of the Wu Jian Council.
  5510 | D:5      | Noticed Duvessa
  5935 | D:5      | Noticed Dowan
  5954 | D:5      | Killed Dowan
  6274 | D:5      | Slain by Duvessa

Illustrated notes

Levels and vault maps discovered:
D:1:      wander_arrival_desolate, layout_rooms,
          ebering_ecumenical_altar_abandoned, chequers_serial_rivers_micro_b
D:2:      layout_basic
D:3:      layout_basic, lightli_temple_of_fire,
          yredelemnul_forgotten_temple_becter, lemuel_doored_altar, st_stairs_6,
          amcnicky_mini_pool_small, minmay_misc_feat_diagonals
D:4:      layout_loops_ring
D:5:      layout_loops_ring, nicolae_wu_jian_immortal_techniques, uniq_duvessa

Skill      XL: |  1  2  3  4  5  6  7 |
---------------+----------------------+-----
Transmutations | 3 4 5 6 |  6.6
Poison Magic   | 1 |  1.0
Spellcasting   | 3 4 |  4.3
Ice Magic      | 1 2 4 |  4.0
Fighting       | |  1.1
Dodging        | |  1.7
Unarmed Combat | |  3.0

Action                   |  1- 3 |  4- 6 |  7- 9 || total
-------------------------+-------+-------+-------++-------
Melee: Unarmed           |    61 |   185 |    90 ||   336
       Tailslap          |     7 |    25 |     1 ||    33
       Headbutt          |     4 |    12 |       ||    16
       Kick              |     3 |    35 |       ||    38
       Punch             |     1 |     6 |       ||     7
 Cast: Beastly Appendage |    13 |    32 |       ||    45
       Spider Form       |     3 |     8 |     5 ||    16
       Ice Form          |       |       |     4 ||     4
  Use: Scroll            |     2 |     8 |       ||    10
       Potion            |       |     2 |       ||     2
 Stab: Sleeping          |       |     1 |       ||     1
Armor: Skin              |    17 |    39 |    16 ||    72
Dodge: Dodged            |    63 |   107 |    72 ||   242

Table legend: (Time is in decaauts)
 A = Elapsed time spent in this place.
 B = Non-inter-level travel time spent in this place.
 C = Inter-level travel time spent in this place.
 D = Time resting spent in this place.
 E = Time spent auto-exploring this place.
 F = Levels seen in this place.
 G = Mean time per level.
                   A        B        C        D        E       F      G
               +--------+--------+--------+--------+--------+-----+--------+
         Total |   6263 |   6121 |    142 |   1254 |   3972 |   5 | 1252.6 |
       Dungeon |   6263 |   6121 |    142 |   1254 |   3972 |   5 | 1252.6 |
               +--------+--------+--------+--------+--------+-----+--------+

Top non-repeatable levels by time:
     D:4: 1635 daAuts
     D:1: 1331 daAuts
     D:5: 1314 daAuts
     D:3: 1081 daAuts
     D:2: 900 daAuts
